 Dungeon Crawl Stone Soup version 0.28-a0-773-g130ae17fe5 (webtiles) character file.

Game seed: 9883638645383260305

83 bande the Skirmisher (level 4, -8/29 HPs)
             Began as a Gargoyle Fighter on Nov 2, 2021.
             Killed by divine providence
             ... invoked by an orc priest
              (11 damage)
             ... on level 4 of the Dungeon.
             The game lasted 00:04:51 (2535 turns).

bande the Skirmisher (Gargoyle Fighter)             Turns: 2535, Time: 00:04:52

Health: -8/29      AC: 10    Str: 20    XL:     4   Next: 44%
Magic:  4/4        EV:  9    Int:  9    God:
Gold:   144        SH:  4    Dex:  9    Spells: 2/3 levels left

rFire   . . .      SeeInvis .   a - +1 war axe
rCold   . . .      Faith    .   c - +0 buckler
rNeg    + . .      Spirit   .   b - +0 scale mail
rPois   ∞          Reflect  .   (no helmet)
rElec   +          Harm     .   (no cloak)
rCorr   .          Rampage  .   (no gloves)
Will    .....                   (no boots)
Stlth   ..........              (no amulet)
HPRegen 0.09/turn               (no ring)
MPRegen 0.09/turn               (no ring)

@: no status effects
A: sickness immunity, AC +3, negative energy resistance 1, electricity
resistance, torment resistance 1, petrification resistance
a: no special abilities


You were on level 4 of the Dungeon.
You visited 1 branch of the dungeon, and saw 4 of its levels.

You collected 144 gold pieces.

Inventory:

Hand Weapons
 a - a +1 war axe (weapon)
 g - a +0 flail
Armour
 b - a +0 scale mail (worn)
 c - a +0 buckler (worn)
Jewellery
 k - an amulet of magic regeneration
Wands
 n - a wand of mindburst (17)
Scrolls
 m - a scroll of fog
 o - a scroll of amnesia
Potions
 d - a potion of might
 e - a potion of invisibility
 f - a potion of curing
 h - a potion of resistance
 i - a potion of attraction {unknown}
 j - a potion of haste {unknown}
 l - 2 potions of magic {unknown}


   Skills:
 + Level 4.0 Fighting
 + Level 2.7 Axes
 + Level 3.8 Armour
 + Level 3.8 Shields
 * Level 0.1 Translocations


You had 2 spell levels left.
You knew the following spells:

 Your Spells              Type           Power      Damage    Failure   Level
a - Apportation           Tloc           0%         N/A       73%         1

Your spell library contained the following spells:

 Spells                   Type           Power      Damage    Failure   Level
 Animate Skeleton         Necr           0%         N/A       75%         1
 Sting                    Tmut/Pois      0%         1d3       75%         1
 Summon Small Mammal      Summ           0%         N/A       75%         1
 Poisonous Vapours        Pois/Air       0%         N/A       86%         2
 Call Canine Familiar     Summ           0%         N/A       98%         3
 Summon Guardian Golem    Hex/Summ       0%         N/A       98%         3
 Olgreb's Toxic Radiance  Pois           0%         N/A       100%        4


Dungeon Overview and Level Annotations

Branches:
Dungeon (4/15)
 Temple: D:4-7

Altars:


Innate Abilities, Weirdness & Mutations

You are immune to sickness and miasma.
Your stone body is resilient. (AC +3)
You are immune to poison.
You resist negative energy. (rN+)
You are resistant to electric shocks. (rElec)
You are resistant to unholy torment.
You are immune to petrification.


Message History

The orc barely misses you.
You closely miss the orc.
The orc is severely wounded.
The orc hits you but does no damage.
You hit the orc.
You kill the orc!
You closely miss the orc. The orc barely misses you.
The orc hits you but does no damage.
You barely miss the orc priest. You barely miss the orc.
The orc priest hits you but does no damage.
You block the orc priest's attack.
You barely miss the orc priest. You closely miss the orc priest.
You barely miss the orc. The orc hits you but does no damage.
You block the orc priest's attack.
The orc priest hits you but does no damage.
You closely miss the orc priest. x2; You hit the orc.
The orc barely misses you.
The orc priest barely misses you. x2; The orc hits you with a +0 mace.
You hit the orc.
You kill the orc!
You hit the orc priest but do no damage.
You closely miss the orc priest. The orc priest hits you with a +0 whip.
The orc priest hits you with a +0 flail.
The orc priest hits you but does no damage.
The orc priest barely misses you.
You hit the orc priest but do no damage.
You hit the orc priest.
The orc priest calls upon Beogh to heal the orc priest.
The orc priest's wounds heal themselves!
You block the orc priest's attack.
Unknown command.
You hit the orc priest.
The orc priest is moderately wounded.
You hit the orc priest.
The orc priest hits you with a +0 flail.
The orc priest mumbles some strange prayers to Beogh against you.
Beogh smites you!
* * * LOW HITPOINT WARNING * * *
The orc priest mumbles some strange prayers to Beogh against you.
Beogh smites you!
You die...

#......... ###........
......... ....... #.....
.. #.... ... .#####oo#
##... ...#...
......)@####...#. ........
#######..........
............. ##.##......
...........#.####.........
.......##......###.(......
.......##..........##.....
...#.#.###...#.#.)###.....
...#......................
.........................


You could see 2 orc priests.

Vanquished Creatures
  3 adders
  A dart slug (D:2)
  5 orcs
  3 bats
  2 endoplasms
  A giant cockroach (D:3)
  10 goblins
  5 hobgoblins
  2 quokkas
  3 ball pythons
  7 frilled lizards
  5 kobolds
  3 rats
50 creatures vanquished.

Notes
Turn   | Place    | Note
-------+----------+-------------------------------------------
     0 | D:1      | bande the Gargoyle Fighter began the quest for the Orb.
     0 | D:1      | Reached XP level 1. HP: 14/14 MP: 1/1
    76 | D:1      | Found a faded altar of an unknown god.
   114 | D:1      | Reached XP level 2. HP: 18/19 MP: 2/2
   866 | D:2      | Reached XP level 3. HP: 8/24 MP: 3/3
  2103 | D:3      | Reached XP level 4. HP: 29/29 MP: 4/4
  2108 | D:3      | Reached skill level 4 in Fighting
  2488 | D:4      | Learned a level 1 spell: Apportation
  2504 | D:4      | Noticed an ogre
  2535 | D:4      | Killed from afar by an orc priest

Illustrated notes

Levels and vault maps discovered:
D:1:      dpeg_arrival_pond, layout_loops_ring, basic_ecumenical_altar
D:2:      layout_basic
D:3:      layout_rooms
D:4:      layout_rooms, gammafunk_ghost_nasty_kobolds, minmay_statues_item,
          minmay_close_crescents

Skill      XL: |  1  2  3  4 |
---------------+-------------+-----
Axes           | 2 |  2.7
Fighting       | 4 |  4.0
Armour         | |  3.8
Shields        | |  3.8
Translocations | |  0.1

Action                   |  1- 3 |  4- 6 || total
-------------------------+-------+-------++-------
Melee: War axe           |   137 |    54 ||   191
  Use: Scroll            |     7 |       ||     7
Armor: Scale mail        |    56 |    35 ||    91
Dodge: Dodged            |    77 |    27 ||   104
Block: Buckler           |    31 |    10 ||    41

Table legend: (Time is in decaauts)
 A = Elapsed time spent in this place.
 B = Non-inter-level travel time spent in this place.
 C = Inter-level travel time spent in this place.
 D = Time resting spent in this place.
 E = Time spent auto-exploring this place.
 F = Levels seen in this place.
 G = Mean time per level.
                   A        B        C        D        E       F      G
               +--------+--------+--------+--------+--------+-----+--------+
         Total |   2613 |   2591 |     22 |    407 |   1568 |   4 |  653.2 |
       Dungeon |   2613 |   2591 |     22 |    407 |   1568 |   4 |  653.2 |
               +--------+--------+--------+--------+--------+-----+--------+

Top non-repeatable levels by time:
     D:2: 1299 daAuts
     D:3: 595 daAuts
     D:1: 569 daAuts
     D:4: 149 daAuts
